Unix NetHack Version 5.0.0-0 post-release - last build May 23 2026 06:08:33 (1c0ff79ee797540d5714e4e18072db0edd9e58ae,branch:main).

Game began 2026-05-28 20:18:25, ended 2026-05-28 20:31:01.

Haxasaurus, lawful female dwarven Valkyrie

                                                      ----------
                                                      b........S#
                                                      |.f......|#
                                                      |e@o$..S.|#
                                                      ----------#
                                                                #
                                                       #      ####
                                                 ##    ######## #
            ------------    ----------           #------#
 -----      |..........|   #-........|           #|....|#
 |<_..######|..........|   #|.........#    ##### #|.....#
 |...|     #-......>....####|........|     #######.....|
 |...|      |..........|    |....(...-######      ------
 -----      |..........|    ----------
            ------------

Haxasaurus the Stripling    St:18/02 Dx:14 Co:16 In:9 Wi:7 Ch:9  Lawful
Dlvl:4  $:354 HP:0(24) Pw:2(2) AC:6  Xp:2/36 T:1350 

Latest messages:
 $ - 287 gold pieces (354 in total).
 The grid bug bites!
 You get zapped!
 [HP -1, 23 left]
 You miss the grid bug.
 The grid bug bites!
 You get zapped!
 [HP -1, 22 left]
 You kill the grid bug!
 You have nothing appropriate for your quiver.
 What do you want to fire?
 Never mind.
 What do you want to use or apply?
 In what direction?
 The floating eye is frozen by its reflection.
 You miss the floating eye.
 You are frozen by the floating eye's gaze!
 Pringle misses the floating eye.
 Pringle picks up a gold piece.
 Pringle drops a gold piece.
 You hear a door open.
 Pringle bites the floating eye.
 Pringle is frozen by the floating eye's gaze!
 The hobgoblin hits!
 [HP -1, 23 left]
 The hobgoblin hits!
 [HP -5, 18 left]
 The hobgoblin hits!
 [HP -5, 13 left]
 The hobgoblin hits!
 [HP -1, 12 left]
 The hobgoblin hits!
 [HP -1, 12 left]
 The hobgoblin hits!
 [HP -1, 11 left]
 The hobgoblin hits!
 [HP -2, 10 left]
 The acid blob oozes under the door.
 The hobgoblin hits!
 [HP -5, 6 left]
 The hobgoblin hits!
 [HP -6, 1 left]
 The hobgoblin hits!
 [HP -4, -3 left]
 You die...
 Do you want your possessions identified? n
 Do you want to see your attributes? n
 Do you want an account of creatures vanquished? n
 Do you want to see your conduct and achievements? n
 Do you want to see the dungeon overview? n

Inventory:
 Coins    ('$')
  $ - 354 gold pieces
 Weapons  (')')
  a - a +1 dwarvish spear (weapon in left hand)
 Armor    ('[')
  c - an uncursed +3 small shield (being worn)
 Comestibles  ('%')
  d - 6 uncursed food rations
 Scrolls  ('?')
  n - an uncursed scroll of food detection
  t - an uncursed scroll of remove curse
 Potions  ('!')
  l - an uncursed potion of booze
  q - a blessed potion of healing
  e - 2 uncursed potions of healing
  o - a blessed potion of paralysis
 Rings    ('=')
  r - an uncursed ring of free action
 Wands    ('/')
  h - a wand of secret door detection (0:15)
 Tools    ('(')
  g - a magic marker (0:51)
  s - an uncursed mirror
 Gems/Stones  ('*')
  k - 2 uncursed jade stones
  f - an uncursed worthless piece of orange glass
 Special
 (list likely candidates)

Haxasaurus the Valkyrie's attributes:

Background:
 You were a Stripling, a level 2 dwarven Valkyrie.
 You were lawful, on a mission for Tyr
 who was opposed by Odin (neutral) and Loki (chaotic).
 You were left-handed.
 You were in the Dungeons of Doom, on level 4.
 You entered the dungeon 1350 turns ago.
 You had 36 experience points, 4 more were needed to attain level 3.

Basics:
 You had 0 out of 24 hit points.
 You had both energy points (spell power).
 Your armor class was 6.
 Your wallet contained 354 zorkmids.
 Autopickup was on for '$"=/!?' plus thrown, with exceptions.

Final Characteristics:
 Your strength was 18/02 (limit:18/100).
 Your dexterity was 14 (limit:20).
 Your constitution was 16 (limit:20).
 Your intelligence was 9 (limit:16).
 Your wisdom was 7 (limit:16).
 Your charisma was 9 (limit:16).

Final Status:
 You weren't hungry.
 You were unencumbered.
 You were wielding a spear.
 You had basic skill with spear.

Final Attributes:
 You were devoutly aligned.
 You were cold resistant.
 You had infravision.
 You are dead.

Miscellaneous:
 You didn't encounter any bones levels.
 Total elapsed playing time was 12 minutes and 35 seconds.

Major events:
 Turn
    1: Haxasaurus the lawful dwarven Valkyrie entered the dungeon
  778: entered the Gnomish Mines
 1350: killed by a hobgoblin, while frozen by a floating eye's gaze

You didn't know any spells.

Skills:
 Fighting Skills
   bare handed combat [Unskilled]
   two weapon combat  [Unskilled]
   riding             [Unskilled]
 Weapon Skills
   dagger             [Basic]
   axe                [Unskilled]
   pick-axe           [Unskilled]
   short sword        [Unskilled]
   broadsword         [Unskilled]
   long sword         [Unskilled]
   two-handed sword   [Unskilled]
   saber              [Unskilled]
   hammer             [Unskilled]
   quarterstaff       [Unskilled]
   polearms           [Unskilled]
   spear              [Basic]
   trident            [Unskilled]
   lance              [Unskilled]
   sling              [Unskilled]
 Spellcasting Skills
   attack spells      [Unskilled]
   escape spells      [Unskilled]

Voluntary challenges:
 Character rerolling was not enabled.
 You were illiterate.
 You never genocided any monsters.
 You never polymorphed an object.
 You never changed form.
 You used no wishes.
Achievements:
 You entered a shop.
 You entered the Gnomish Mines.

 The Dungeons of Doom: levels 1 to 5
    Level 1:
       An altar.
    Level 2:
       A potion shop, a grave.
    Level 3:
       A fountain.
       Stairs down to The Gnomish Mines.
    Level 4: <- You were here.
       An altar.
       Final resting place for
          you, killed by a hobgoblin, while frozen by a floating eye's gaze.
    Level 5:
 The Gnomish Mines:
    Level 4:


Vanquished creatures:
 an acid blob
  2 cave spiders
  a red mold
  2 geckos
  2 jackals
  2 grid bugs
  a bat
  3 lichens
  a kobold zombie
  6 newts
21 creatures vanquished.

No species were genocided or became extinct.

Game over:
                       ----------
                      /          \
                     /    REST    \
                    /      IN      \
                   /     PEACE      \
                  /                  \
                  |    Haxasaurus    |
                  |      354 Au      |
                  |   killed by a    |
                  |    hobgoblin     |
                  |                  |
                  |                  |
                  |       2026       |
                 *|     *  *  *      | *
        _________)/\\_//(\/(/\)/\//\/|_)_______

Farvel Haxasaurus the Valkyrie...

You died in The Dungeons of Doom on dungeon level 4 with 663 points,
and 354 pieces of gold, after 1350 moves.
You were level 2 with a maximum of 24 hit points when you died.

